AoeStats
← Dremora

Yucatan

510416467Analyzed
4v4 RM · 1d ago on Sep 30, 2026· 25m 26s· 8 players
Game mode
Random Map
Map size
Large (8 player)
Population
200
Speed
Normal
Resources
Standard
Victory
Conquest
Starting age
Dark Age
Ending age
Imperial Age
RankedLock teamsTeams togetherTeam positionsShared explorationLock speedFull tech treeHidden civsTurbo modeCheats
Victory
Defeat
🇲🇽 Lithuanians · Mexico
1016
+11
🇲🇽 Spanish · Mexico
853
+18
🇸🇰 Saracens · Slovakia
852
+18
🇨🇱 Burgundians · Chile
824
+19
🇮🇩 Japanese · Indonesia
923
-18
🇨🇱 Burmese · Chile
917
-17
🇷🇺 Saxons · Russia
878
-16
🇩🇪 Ethiopians · Germany
859
-15
Carti
11:15 Feudal Age
12:27 Horse Collar
14:43 Gold Mining
16:04 Wheelbarrow
Light
Kassiber
7:10 Loom
13:38 Feudal Age
18:40 Castle Age
16:47 Double-Bit Axe
16:49 Horse Collar
20:02 Heavy Plow
20:16 Bow Saw
20:51 Wheelbarrow
23:27 Elite Skirmisher
DekaJe
0:48 Loom
11:55 Feudal Age
17:17 Castle Age
16:29 Double-Bit Axe
16:26 Horse Collar
20:01 Fletching
20:22 Forging
22:56 Scale Mail Armor
Iceman
0:29 Loom
11:30 Feudal Age
15:23 Double-Bit Axe
19:59 Padded Archer Armor
19:50 Fletching
26:00 Bloodlines
25:56 Scale Barding Armor
[GDL]Dunitrid
2:22 Loom
13:53 Feudal Age
17:49 Castle Age
16:15 Double-Bit Axe
16:23 Gold Mining
16:16 Horse Collar
18:10 Bloodlines
18:07 Scale Barding Armor
18:12 Forging
26:38 Wheelbarrow
Fireman
0:28 Loom
12:51 Feudal Age
14:08 Wheelbarrow
13:22 Double-Bit Axe
16:41 Gold Mining
20:54 Castle Age
18:59 Fletching
19:10 Padded Archer Armor
21:56 Bow Saw
21:30 Horse Collar
22:28 Gold Shaft Mining
22:45 Ballistics
22:30 Crossbowman
25:15 Bodkin Arrow
Dremora
5:28 Loom
10:50 Feudal Age
11:20 Double-Bit Axe
13:27 Bow Saw
18:38 Horse Collar
21:01 Castle Age
18:58 Stone Mining
19:01 Gold Mining
19:46 Fletching
20:07 Forging
20:04 Scale Barding Armor
23:53 Heavy Plow
23:58 Cavalier
24:39 Husbandry
25:27 Wheelbarrow
Connection lost

Rejoining the realm…

Still unreachable

The connection could not be restored.

Session expired

The server has moved on; the page needs a fresh start.